 Dungeon Crawl Stone Soup version 0.28-a0-697-g47f3eba078 (webtiles) character file.

Game seed: 16589289023378523589

0 Gargoyl the Skirmisher (level 1, -6/23 HPs)
             Began as a Gnoll Abyssal Knight on Oct 23, 2021.
             Was a Follower of Lugonu.
             Killed from afar by a raiju (9 damage)
             ... with a living lightning
             ... on level 1 of the Abyss.
             The game lasted 00:00:11 (71 turns).

Gargoyl the Skirmisher (Gnoll Abyssal Knight)         Turns: 71, Time: 00:00:12

Health: -6/23      AC:  3    Str: 12    XL:     1   Next: 0%
Magic:  3/3        EV: 12    Int:  9    God:    Lugonu [*.....]
Gold:   0          SH:  0    Dex: 12    Spells: 0/0 levels left

rFire   . . .      SeeInvis .   a - +1 hand axe
rCold   . . .      Faith    .   (no shield)
rNeg    . . .      Spirit   .   b - +0 leather armour
rPois   .          Reflect  .   (no helmet)
rElec   .          Harm     .   (no cloak)
rCorr   .          Rampage  .   (no gloves)
Will    .....                   (no boots)
Stlth   +.........              (no amulet)
HPRegen 0.00/turn               (no ring)
MPRegen 0.08/turn               (no ring)

@: sick
A: fangs 1, strong nose, distributed training, deterioration 1
a: Renounce Religion, Depart the Abyss


You were on level 1 of the Abyss.
You worshipped Lugonu.
Lugonu was aware of your devotion.
You visited 0 branches of the dungeon, and saw 0 of its levels.
You visited the Abyss 1 time.

Inventory:

Hand Weapons
 a - a +1 hand axe (weapon)
Armour
 b - a +0 leather armour (worn)


   Skills:
 + Level 6.4 Fighting
 + Level 0.0 Short Blades
 + Level 0.0 Long Blades
 + Level 4.4 Axes
 + Level 0.0 Maces & Flails
 + Level 0.0 Polearms
 + Level 0.0 Staves
 + Level 0.0 Slings
 + Level 0.0 Bows
 + Level 0.0 Crossbows
 + Level 0.0 Throwing
 + Level 4.4 Armour
 + Level 2.3 Dodging
 + Level 0.0 Stealth
 + Level 0.0 Shields
 + Level 0.0 Unarmed Combat
 + Level 0.0 Spellcasting
 + Level 0.0 Conjurations
 + Level 0.0 Hexes
 + Level 0.0 Summonings
 + Level 0.0 Necromancy
 + Level 0.0 Translocations
 + Level 0.0 Transmutations
 + Level 0.0 Fire Magic
 + Level 0.0 Ice Magic
 + Level 0.0 Air Magic
 + Level 0.0 Earth Magic
 + Level 0.0 Poison Magic
 + Level 4.4 Invocations
 + Level 0.0 Evocations


You couldn't memorise any spells.
You didn't know any spells.
Your spell library was empty.

Dungeon Overview and Level Annotations

Branches:
Dungeon (0/15)

Altars:


Innate Abilities, Weirdness & Mutations

You have very sharp teeth.
Your uncanny sense of smell can sniff out nearby items.
Your experience applies equally to all skills.
Your body sometimes deteriorates upon taking damage.


Message History

Found a leather armour.
A large abomination coalesces out of seething chaos.
Unknown command.
There are monsters nearby!
A raiju comes into view.
You feel yourself growing ill in the presence of the ancient zyme.
Found a robe.
The raiju barks!
An efreet comes into view.
It is wielding a +4 scimitar of flaming.
The raiju bursts into living lightning!
The living lightning hits you!
The raiju blinks!
You feel ill.
Found a plate armour.
The efreet gestures at you. The bolt of fire hits you!
* * * LOW HITPOINT WARNING * * *
You feel ill.
Unknown command.
A white imp comes into view.
You see here a +0 robe.
Found a spear.
The white imp shouts!
The large abomination is engulfed in blazing flames.
The large abomination is engulfed in blazing flames.
The raiju pauses to sniff the ground.
The large abomination is engulfed in blazing flames.
The raiju pauses to sniff the ground.
The large abomination is engulfed in blazing flames.
You feel ill.
You see here a +0 spear.
A neqoxec comes into view.
Found a hand axe.
You feel ill.
You feel ill.
The neqoxec shouts!
The neqoxec gestures at you.
Strange energies course through your body.
You feel yourself wasting away.
The raiju bursts into living lightning!
The living lightning hits you!
You die...

.# . .# #. ..#.#
## ... #.# ...
.# #.# #.### ..#
. #.##...##..##
#.##...@##.#...#
#..§..........#
..#..#.x....##.
#.§##....3#.. ..
#)##h#....# ##
#....#....#
##.#.##.##.. ###
#.#.....# # #§#
#. .#


You could see an ancient zyme, a raiju and a neqoxec.

Vanquished Creatures (others)
  A large abomination (Abyss:1)
1 creature vanquished.

Notes
Turn   | Place    | Note
-------+----------+-------------------------------------------
     0 | Abyss:1  | Gargoyl the Gnoll Abyssal Knight began the quest for the
                  | Orb.
     0 | Abyss:1  | Reached XP level 1. HP: 23/23 MP: 3/3
     4 | Abyss:1  | Found a corrupted altar of Lugonu.
    34 | Abyss:1  | Noticed a large abomination
    34 | Abyss:1  | Noticed an ancient zyme
    35 | Abyss:1  | Noticed a raiju
    37 | Abyss:1  | Noticed an efreet
    55 | Abyss:1  | Killed a large abomination
    60 | Abyss:1  | Noticed an ancient zyme
    63 | Abyss:1  | Noticed a neqoxec
    70 | Abyss:1  | Gained mutation: Your body sometimes deteriorates upon
                  | taking damage. [a neqoxec]
    71 | Abyss:1  | Killed from afar by a raiju

Illustrated notes

Levels and vault maps discovered:
Abyss:1:  base: Temple, base: Temple, due_exit_kobolds

Table legend: (Time is in decaauts)
 A = Elapsed time spent in this place.
 B = Non-inter-level travel time spent in this place.
 C = Inter-level travel time spent in this place.
 D = Time resting spent in this place.
 E = Time spent auto-exploring this place.
 F = Levels seen in this place.
 G = Mean time per level.
                   A        B        C        D        E       F      G
               +--------+--------+--------+--------+--------+-----+--------+
         Total |     72 |     72 |      0 |      0 |     33 |   1 |   72.0 |
         Abyss |     72 |     72 |      0 |      0 |     33 |   1 |   72.0 |
               +--------+--------+--------+--------+--------+-----+--------+

Top non-repeatable levels by time:
 Abyss:1: 72 daAuts
